| TOP OF THE 1ST |
|
Orem Owlz batting - Pitching for Elizabethton Twins : RHP Jason Waite
|
|
Pitching: RHP Jason Waite
|
|
|
Batting: RHB Joe Hewitt
|
0-0: Ball 1-0: Fly out, F3 (Line Drive, 3L, EV 65.0 MPH)
|
|
Batting: RHB Fred Saxton
|
0-0: Ball 1-0: Foul Ball, location: 2F 1-1: Foul Ball, location: 2F 1-2: Strikes out swinging
|
|
Batting: RHB Brian Spry
|
0-0: Called Strike 0-1: Foul Ball, location: 2F 0-2: Foul Ball, location: 2F 0-2: Ball 1-2: Foul Ball, location: 2F 1-2: Foul Ball, location: 2F 1-2: Strikes out swinging
|
| Top of the 1st over - 0 runs, 0 hits, 0 errors, 0 left on base; Orem 0 - Elizabethton 0 |
| BOTTOM OF THE 1ST |
|
Elizabethton Twins batting - Pitching for Orem Owlz : RHP Jon Trujillo
|
|
Pitching: RHP Jon Trujillo
|
|
|
Batting: RHB Nestor Moreno
|
0-0: Ball 1-0: Ball 2-0: Called Strike 2-1: TRIPLE (Line Drive, 9D, EV 108.1 MPH)
|
|
Batting: RHB Josh Harmon
|
0-0: Ball 1-0: Ball 2-0: Swinging Strike 2-1: Swinging Strike 2-2: Ball 3-2: Foul Ball, location: 2F 3-2: Strikes out swinging
|
|
Batting: SHB Nadhir Umayr
|
0-0: Ball 1-0: Ball 2-0: Ball 3-0: Called Strike 3-1: Foul Ball, location: 2F 3-2: Foul Ball, location: 2F 3-2: Base on Balls
|
|
Batting: LHB David Ramos
|
0-0: Ball 1-0: Called Strike Nadhir Umayr steals 2nd base 1-1: Ball 2-1: Swinging Strike 2-2: Fly out, F9 (Flyball, 9D, EV 91.2 MPH) Runner from 3rd tags up, SCORES, throw by RF Nadhir Umayr to third
|
|
Batting: RHB Kenny Reynolds
|
0-0: Foul Ball, location: 2F 0-1: Foul Ball, location: 2F 0-2: Ball 1-2: Ball 2-2: Strikes out swinging
|
| Bottom of the 1st over - 1 run, 1 hit, 0 errors, 1 left on base; Orem 0 - Elizabethton 1 |
| TOP OF THE 2ND |
|
Orem Owlz batting - Pitching for Elizabethton Twins : RHP Jason Waite
|
|
Batting: LHB Ramon Garduno
|
0-0: Called Strike 0-1: Swinging Strike 0-2: Strikes out looking
|
|
Batting: RHB Daniel Molina
|
0-0: Ball 1-0: Called Strike 1-1: DOUBLE (Flyball, 78XD, EV 90.0 MPH)
|
|
Batting: RHB Ivan Barrientos
|
0-0: Ball 1-0: Ball 2-0: Ball 3-0: Called Strike 3-1: Base on Balls
|
|
Batting: SHB Yuya Hirata
|
0-0: Fielders Choice at 2nd, 4-6 (Groundball, 4, EV 93.1 MPH) Daniel Molina to third
|
|
Batting: RHB Brendan Garoutte
|
0-0: Fly out, F8 (Flyball, 8LM, EV 86.9 MPH)
|
| Top of the 2nd over - 0 runs, 1 hit, 0 errors, 2 left on base; Orem 0 - Elizabethton 1 |
| BOTTOM OF THE 2ND |
|
Elizabethton Twins batting - Pitching for Orem Owlz : RHP Jon Trujillo
|
|
Batting: SHB Rodrigo Mendoza
|
0-0: Ball 1-0: Fly out, F9 (Line Drive, 9, EV 89.4 MPH)
|
|
Batting: RHB Jorge Corte
|
0-0: Swinging Strike 0-1: Ball 1-1: Ball 2-1: DOUBLE (Line Drive, 89D, EV 103.8 MPH)
|
|
Batting: LHB Joey Zamora
|
0-0: Ball 1-0: Ball 2-0: Called Strike 2-1: Called Strike 2-2: Foul Ball, location: 2F 2-2: Foul Ball, location: 2F 2-2: Strikes out swinging
|
|
Batting: RHB Hisao Takei
|
0-0: Foul Ball, location: 2F 0-1: Called Strike 0-2: Ball 1-2: Ball 2-2: Strikes out swinging
|
| Bottom of the 2nd over - 0 runs, 1 hit, 0 errors, 1 left on base; Orem 0 - Elizabethton 1 |
| TOP OF THE 3RD |
|
Orem Owlz batting - Pitching for Elizabethton Twins : RHP Jason Waite
|
|
Batting: SHB Marty Kuehn
|
0-0: Swinging Strike 0-1: Ball 1-1: Swinging Strike 1-2: Strikes out swinging
|
|
Batting: RHB Joe Hewitt
|
0-0: Ball 1-0: Called Strike 1-1: Ball 2-1: Ball 3-1: Ground out 3-1 (Groundball, 34, EV 91.2 MPH)
|
|
Batting: RHB Fred Saxton
|
0-0: Swinging Strike 0-1: Called Strike 0-2: Ball 1-2: Ball 2-2: Hit by Pitch
|
|
Batting: RHB Brian Spry
|
0-0: Ball 1-0: Called Strike 1-1: Ball 2-1: Ball 3-1: Foul Ball, location: 2F 3-2: Base on Balls Fred Saxton to second
|
|
Batting: LHB Ramon Garduno
|
0-0: Called Strike 0-1: Ball 1-1: Ball 2-1: Fly out, F7 (Flyball, 7LS, EV 86.9 MPH)
|
| Top of the 3rd over - 0 runs, 0 hits, 0 errors, 2 left on base; Orem 0 - Elizabethton 1 |
| BOTTOM OF THE 3RD |
|
Elizabethton Twins batting - Pitching for Orem Owlz : RHP Jon Trujillo
|
|
Batting: RHB Nestor Moreno
|
0-0: Called Strike 0-1: Ball 1-1: Ball 2-1: SINGLE (Flyball, 89S, EV 86.9 MPH)
|
|
Batting: RHB Josh Harmon
|
0-0: Ball Nestor Moreno is caught stealing 2nd base 2-4 1-0: Swinging Strike 1-1: Fly out, F8 (Flyball, 8RD, EV 101.9 MPH)
|
|
Batting: SHB Nadhir Umayr
|
0-0: Ball 1-0: Ball 2-0: Ball 3-0: Called Strike 3-1: Base on Balls
|
|
Batting: LHB David Ramos
|
0-0: SINGLE (Groundball, 34D, EV 100.6 MPH) Nadhir Umayr to second Runner from 2nd tries for 3rd, SAFE, throw by RF made at trailing runner, OUT! 9-6
|
| Bottom of the 3rd over - 0 runs, 2 hits, 0 errors, 1 left on base; Orem 0 - Elizabethton 1 |
| TOP OF THE 4TH |
|
Orem Owlz batting - Pitching for Elizabethton Twins : RHP Jason Waite
|
|
Batting: RHB Daniel Molina
|
0-0: Swinging Strike 0-1: Ball 1-1: Ball 2-1: Ball 3-1: Base on Balls
|
|
Batting: RHB Ivan Barrientos
|
0-0: Swinging Strike 0-1: Swinging Strike 0-2: Ball 1-2: Foul Ball, location: 2F 1-2: Ball 2-2: Strikes out swinging
|
|
Batting: SHB Yuya Hirata
|
0-0: Ball Daniel Molina is caught stealing 2nd base 2-6 1-0: Swinging Strike 1-1: Fly out, F9 (Flyball, 89M, EV 88.1 MPH)
|
| Top of the 4th over - 0 runs, 0 hits, 0 errors, 0 left on base; Orem 0 - Elizabethton 1 |
| BOTTOM OF THE 4TH |
|
Elizabethton Twins batting - Pitching for Orem Owlz : RHP Jon Trujillo
|
|
Batting: RHB Kenny Reynolds
|
0-0: Ball 1-0: Swinging Strike 1-1: Ground out 5-3 (Groundball, 5, EV 84.4 MPH)
|
|
Batting: SHB Rodrigo Mendoza
|
0-0: Ball 1-0: Ball 2-0: Foul Ball, location: 2F 2-1: Foul Ball, location: 2F 2-2: Strikes out swinging
|
|
Batting: RHB Jorge Corte
|
0-0: Ball 1-0: Foul Ball, location: 2F 1-1: Ball 2-1: Swinging Strike 2-2: Foul Ball, location: 2F 2-2: Strikes out swinging, 2-3 out at first.
|
| Bottom of the 4th over - 0 runs, 0 hits, 0 errors, 0 left on base; Orem 0 - Elizabethton 1 |
| TOP OF THE 5TH |
|
Orem Owlz batting - Pitching for Elizabethton Twins : RHP Jason Waite
|
|
Batting: RHB Brendan Garoutte
|
0-0: Swinging Strike 0-1: Swinging Strike 0-2: Strikes out looking
|
|
Batting: SHB Marty Kuehn
|
0-0: Ball 1-0: Called Strike 1-1: Ball 2-1: Ball 3-1: Base on Balls
|
|
Batting: RHB Joe Hewitt
|
0-0: Ball 1-0: Grounds into double play, 4-6-3 (Groundball, 4, EV 101.2 MPH)
|
| Top of the 5th over - 0 runs, 0 hits, 0 errors, 0 left on base; Orem 0 - Elizabethton 1 |
| BOTTOM OF THE 5TH |
|
Elizabethton Twins batting - Pitching for Orem Owlz : RHP Jon Trujillo
|
|
Batting: LHB Joey Zamora
|
0-0: SINGLE (Groundball, 34D, EV 95.6 MPH)
|
|
Batting: RHB Hisao Takei
|
0-0: Swinging Strike 0-1: Ball 1-1: Fielders Choice at 2nd, 5-4 (Groundball, 56, EV 87.5 MPH)
|
|
Batting: RHB Nestor Moreno
|
0-0: Called Strike 0-1: Ball 1-1: Ball 2-1: Ground out 5-3 (Groundball, 5, EV 94.4 MPH) Hisao Takei to second
|
|
Batting: RHB Josh Harmon
|
0-0: Ball 1-0: Ground out 5-3 (Groundball, 5S, EV 72.5 MPH)
|
| Bottom of the 5th over - 0 runs, 1 hit, 0 errors, 1 left on base; Orem 0 - Elizabethton 1 |
| TOP OF THE 6TH |
|
Orem Owlz batting - Pitching for Elizabethton Twins : RHP Jason Waite
|
|
Batting: RHB Fred Saxton
|
0-0: Swinging Strike 0-1: Called Strike 0-2: Ball 1-2: Strikes out looking
|
|
Batting: RHB Brian Spry
|
0-0: Foul Ball, location: 2F 0-1: Swinging Strike 0-2: Ball 1-2: Foul Ball, location: 2F 1-2: Ball 2-2: Ball 3-2: Strikes out swinging
|
|
Batting: LHB Ramon Garduno
|
0-0: Ball 1-0: Called Strike 1-1: Swinging Strike 1-2: Strikes out swinging
|
| Top of the 6th over - 0 runs, 0 hits, 0 errors, 0 left on base; Orem 0 - Elizabethton 1 |
| BOTTOM OF THE 6TH |
|
Elizabethton Twins batting - Pitching for Orem Owlz : RHP Jon Trujillo
|
|
Batting: SHB Nadhir Umayr
|
0-0: Foul Ball, location: 2F 0-1: Fly out, F9 (Flyball, 89S, EV 88.8 MPH)
|
|
Batting: LHB David Ramos
|
0-0: Called Strike 0-1: Swinging Strike 0-2: Foul Ball, location: 2F 0-2: Ball 1-2: Strikes out looking
|
|
Batting: RHB Kenny Reynolds
|
0-0: Called Strike 0-1: Ball 1-1: Foul Ball, location: 2F 1-2: Foul Ball, location: 2F 1-2: Reached on error, E4 (Groundball, 4M, EV 106.2 MPH)
|
|
Pitching: RHP Nick Kempson
|
|
|
Batting: SHB Rodrigo Mendoza
|
0-0: Ball 1-0: SINGLE (Line Drive, 78S, EV 105.6 MPH) Kenny Reynolds to third Runner from 3rd tries for Home, throw by LF and OUT! 7-2
|
| Bottom of the 6th over - 0 runs, 1 hit, 1 error, 1 left on base; Orem 0 - Elizabethton 1 |
| TOP OF THE 7TH |
|
Orem Owlz batting - Pitching for Elizabethton Twins : RHP Jason Waite
|
|
Pitching: RHP Miguel Montelongo
|
|
|
Batting: RHB Daniel Molina
|
0-0: Called Strike 0-1: Foul Ball, location: 2F 0-2: Foul Ball, location: 2F 0-2: Reached on error, E6 (Groundball, 6, EV 77.5 MPH)
|
|
Batting: RHB Ivan Barrientos
|
0-0: Ball 1-0: Ball 2-0: Ball 3-0: Called Strike 3-1: Base on Balls Daniel Molina to second
|
|
Batting: SHB Yuya Hirata
|
0-0: Bunt missed! 0-1: Ball 1-1: Sac Bunt to 15 - play at first, batter safe! Daniel Molina to third Ivan Barrientos to second
|
|
Pinch Hitting: LHB Matthew Bale
|
0-0: Ball 1-0: Ball 2-0: Fly out, F9 (Flyball, 9LS, EV 90.0 MPH)
|
|
Batting: SHB Marty Kuehn
|
0-0: Called Strike 0-1: Ball 1-1: GRAND SLAM HOME RUN (Line Drive, 9D, EV 94.4 MPH), Distance : 370 ft
|
|
Pitching: RHP Karel Braaksma
|
|
|
Batting: RHB Joe Hewitt
|
0-0: Reached on error, E4 (Groundball, 4, EV 80.0 MPH)
|
|
Batting: RHB Fred Saxton
|
0-0: Called Strike 0-1: Ball Pickoff Throw by Catcher to First - Error! E2 Joe Hewitt to second 1-1: Foul Ball, location: 2F 1-2: Strikes out looking
|
|
Batting: RHB Brian Spry
|
0-0: Called Strike 0-1: Ball 1-1: Called Strike 1-2: Ball 2-2: Ball 3-2: SINGLE (Groundball, 6M, EV 104.4 MPH) (infield hit) Joe Hewitt to third
|
|
Batting: LHB Ramon Garduno
|
0-0: Called Strike 0-1: Ball 1-1: Ground out 6-3 (Groundball, 6S, EV 87.5 MPH)
|
| Top of the 7th over - 4 runs, 3 hits, 3 errors, 2 left on base; Orem 4 - Elizabethton 1 |
| BOTTOM OF THE 7TH |
|
Elizabethton Twins batting - Pitching for Orem Owlz : RHP Nick Kempson
|
|
Now at 1B: Arnaud Derosiers
|
|
|
Now at 2B: David Rhodes
|
|
|
Now in CF: Carlos Gonzales
|
|
|
Now in RF: Ivan Barrientos
|
|
|
Pinch Hitting: LHB Bill Lorimer
|
0-0: Called Strike 0-1: Called Strike 0-2: Ball 1-2: Ball 2-2: Ground out 5-3 (Groundball, 5, EV 86.9 MPH)
|
|
Batting: LHB Joey Zamora
|
0-0: Ball 1-0: Ball 2-0: Fly out, F7 (Flyball, 7LSF, EV 90.6 MPH)
|
|
Batting: RHB Hisao Takei
|
0-0: Called Strike 0-1: Called Strike 0-2: Strikes out swinging
|
| Bottom of the 7th over - 0 runs, 0 hits, 0 errors, 0 left on base; Orem 4 - Elizabethton 1 |
| TOP OF THE 8TH |
|
Orem Owlz batting - Pitching for Elizabethton Twins : RHP Karel Braaksma
|
|
Now at SS: Fhil Mikrakin
|
|
|
Batting: RHB David Rhodes
|
0-0: Ball 1-0: Ball 2-0: DOUBLE (Flyball, 8RXD, EV 102.5 MPH)
|
|
Batting: RHB Ivan Barrientos
|
0-0: Called Strike 0-1: Called Strike 0-2: Ball 1-2: Foul Ball, location: 2F 1-2: Hit by Pitch
|
|
Batting: SHB Yuya Hirata
|
0-0: Bunt missed! 0-1: Sac Bunt to 15 - play at first, batter OUT! 1-4 David Rhodes to third Ivan Barrientos to second
|
|
Batting: RHB Arnaud Derosiers
|
0-0: Intentional Walk
|
|
Batting: SHB Marty Kuehn
|
0-0: Ball 1-0: Ball 2-0: Called Strike 2-1: Ball 3-1: Foul Ball, location: 2F 3-2: Foul Ball, location: 2F 3-2: SINGLE (Groundball, 56, EV 100.0 MPH) David Rhodes scores Ivan Barrientos to third Arnaud Derosiers to second Runner from 3rd tries for Home, SAFE, throw by LF to home
|
|
Batting: RHB Joe Hewitt
|
0-0: Fly out, F8 (Flyball, 8LD, EV 96.9 MPH)
|
|
Pitching: RHP Takeru Inoue
|
|
|
Batting: RHB Fred Saxton
|
0-0: Called Strike 0-1: Foul Ball, location: 2F 0-2: Ball 1-2: Ball 2-2: Strikes out swinging
|
| Top of the 8th over - 2 runs, 2 hits, 0 errors, 2 left on base; Orem 6 - Elizabethton 1 |
| BOTTOM OF THE 8TH |
|
Elizabethton Twins batting - Pitching for Orem Owlz : RHP Nick Kempson
|
|
Batting: RHB Nestor Moreno
|
0-0: Called Strike 0-1: Ball 1-1: Called Strike 1-2: Foul Ball, location: 2F 1-2: Ball 2-2: Ball 3-2: Base on Balls
|
|
Pitching: RHP Kunihiro Sasaki
|
|
|
Batting: RHB Josh Harmon
|
0-0: Foul Ball, location: 2F 0-1: Called Strike 0-2: Strikes out swinging
|
|
Batting: SHB Nadhir Umayr
|
0-0: Ball 1-0: Ball 2-0: Ball 3-0: Called Strike 3-1: Foul Ball, location: 2F 3-2: Base on Balls Nestor Moreno to second
|
|
Batting: LHB David Ramos
|
0-0: Called Strike 0-1: Ball 1-1: Foul Ball, location: 2F 1-2: Fly out, F9 (Flyball, 9, EV 89.4 MPH)
|
|
Pinch Hitting: LHB George Roben
|
0-0: Called Strike 0-1: Swinging Strike 0-2: Strikes out swinging
|
| Bottom of the 8th over - 0 runs, 0 hits, 0 errors, 2 left on base; Orem 6 - Elizabethton 1 |
| TOP OF THE 9TH |
|
Orem Owlz batting - Pitching for Elizabethton Twins : RHP Takeru Inoue
|
|
Now at 2B: George Roben
|
|
|
Batting: RHB Brian Spry
|
0-0: Ball 1-0: Swinging Strike 1-1: Swinging Strike 1-2: Ball 2-2: Foul Ball, location: 2F 2-2: Ball 3-2: Strikes out swinging
|
|
Batting: RHB Carlos Gonzales
|
0-0: Ball 1-0: Swinging Strike 1-1: Called Strike 1-2: Ball 2-2: Foul Ball, location: 2F 2-2: Ball 3-2: Foul Ball, location: 2F 3-2: Foul Ball, location: 2F 3-2: Strikes out swinging
|
|
Batting: RHB David Rhodes
|
0-0: Ball 1-0: Foul Ball, location: 2F 1-1: Foul Ball, location: 2F 1-2: Ball 2-2: Ball 3-2: Base on Balls
|
|
Batting: RHB Ivan Barrientos
|
0-0: Called Strike 0-1: TRIPLE (Line Drive, 78XD, EV 108.1 MPH) David Rhodes scores
|
|
Batting: SHB Yuya Hirata
|
0-0: Ball 1-0: Ball 2-0: Swinging Strike 2-1: Swinging Strike 2-2: Ball 3-2: Strikes out swinging
|
| Top of the 9th over - 1 run, 1 hit, 0 errors, 1 left on base; Orem 7 - Elizabethton 1 |
| BOTTOM OF THE 9TH |
|
Elizabethton Twins batting - Pitching for Orem Owlz : RHP Kunihiro Sasaki
|
|
Batting: SHB Rodrigo Mendoza
|
0-0: SINGLE (Groundball, 34D, EV 98.1 MPH)
|
|
Batting: RHB Fhil Mikrakin
|
0-0: Ball 1-0: Ball 2-0: Called Strike 2-1: Fly out, F9 (Flyball, 89S, EV 82.5 MPH)
|
|
Batting: LHB Joey Zamora
|
0-0: Called Strike 0-1: Ball 1-1: Ball 2-1: Fielders Choice at 2nd, 3-6 (Groundball, 3, EV 104.4 MPH)
|
|
Pinch Hitting: LHB Diego Gutierres
|
0-0: Ball 1-0: Called Strike 1-1: Ball 2-1: Fly out, F9 (Flyball, 9S, EV 85.6 MPH)
|
| Bottom of the 9th over - 0 runs, 1 hit, 0 errors, 1 left on base; Orem 7 - Elizabethton 1 |
|